 Dungeon Crawl Stone Soup version 0.30.0-10-gfe55d96785 (webtiles) character file.

Game seed: 2755967967868920115

99 ProzacElf the Charlatan (level 4, -4/32 HPs)
             Began as a Demonspawn Wanderer on May 14, 2023.
             Slain by an orc wizard
             ... wielding a +2 dagger of electrocution
              (13 damage)
             ... on level 2 of the Dungeon.
             The game lasted 00:05:25 (2002 turns).

ProzacElf the Charlatan (Demonspawn Wanderer)       Turns: 2002, Time: 00:05:26

Health: -4/32      AC:  7    Str: 16    XL:     4   Next: 45%
Magic:  5/5        EV: 10    Int: 13    God:
Gold:   23         SH:  0    Dex: 11    Spells: 5/5 levels left

rFire   . . .        a - +0 whip
rCold   . . .        (no shield)
rNeg    . . .        i - +2 ring mail {Will+}
rPois   .            (no helmet)
rElec   .            (no cloak)
rCorr   .            (no gloves)
SInv    .            (no boots)
Will    +....        (no amulet)
Stlth   +            (no ring)
HPRegen 0.25/turn    (no ring)
MPRegen 0.09/turn

%: no passive effects
@: no status effects
A: hooves 1
a: no special abilities


You were on level 2 of the Dungeon.
You visited 1 branch of the dungeon, and saw 3 of its levels.

You collected 62 gold pieces.
You spent 39 gold pieces at shops.

Inventory:

Hand Weapons
 a - a +0 whip (weapon)
Missiles
 l - 6 poisoned darts (quivered)
Armour
 i - a +2 ring mail of willpower (worn)
Wands
 d - a wand of mindburst (13)
Scrolls
 c - a scroll of fog
 e - a scroll of amnesia {unknown}
 g - a scroll of brand weapon {unknown}
 k - a scroll of silence {unknown}
Potions
 b - a potion of attraction
 j - a potion of flight
 m - 2 potions of curing


   Skills:
 - Level 1.0 Fighting
 + Level 2.0 Maces & Flails
 - Level 1.7 Armour
 - Level 1.0 Dodging
 + Level 2.2 Stealth
 - Level 1.0 Spellcasting
 - Level 1.7 Air Magic
 - Level 1.2 Invocations
 + Level 3.1 Evocations


You had 5 spell levels left.
You didn't know any spells.
Your spell library contained the following spells:

 Spells                   Type           Power      Damage    Failure   Level
 Poisonous Vapours        Pois/Air       4%         N/A       50%         2
 Static Discharge         Conj/Air       4%         2-3/arc   50%         2


Dungeon Overview and Level Annotations

Branches:
Dungeon (3/15)

Altars:

Shops:
D:1 ?


Innate Abilities, Weirdness & Mutations

You have large cloven feet.


Message History

An orc wizard comes inta view.
It be wieldin' a +2 dagger o' electrocution.
Tha orc misses ye.
Tha orc wizard shouts!
Ye hit tha orc but do nay damage.
Tha orc be severely wounded.
Tha orc hits ye but does nay damage.
Ye hit tha orc.
Tha orc be almost dead.
Ye climb upwards.
Thar be a stone staircase leadin' down 'ere.
Throw: 7 darts (poison)
Press: ? - help, Q - select action, (/) - cycle Shift-Dir - straight line, f - orc wizard
Aim: an orc wizard, wieldin' a +2 dagger o' electrocution an' wearin' a +0 robe (45% ta hit) Ye throw a poison'd dart.
Tha poison'd dart hits tha orc wizard.
Tha orc wizard barely misses ye.
Ye hit tha orc wizard but do nay damage.
Tha orc wizard gestures wildly while chantin'.
Tha orc wizard flickers an' vanishes!
Deactivatin' autopickup; reactivate wit' Ctrl-A.
Ye closely miss somethin'.
Yer kick misses somethin'.
Somethin' hits ye but does nay damage.
Ye closely miss somethin'.
Somethin' hits ye but does nay damage.
Ye barely miss somethin'.
Ye kick somethin'.
Somethin' hits ye.
Ye take 5 damage, an' haf 27/32 hp.
Ye miss somethin'.
Yer kick misses somethin'.
Yer punch misses somethin'.
Somethin' hits ye.
Ye take 3 damage, an' haf 24/32 hp.
Ye hit somethin'.
Ye hear some strange, mumbled words.
A magic dart appears from outta thin air!
Tha magic dart hits ye.
Ye take 2 damage, an' haf 22/32 hp.
Ye miss somethin'.
Somethin' hits ye.
Ye take 3 damage, an' haf 19/32 hp.
Ye miss somethin'.
Yer kick misses somethin'.
Somethin' hits ye.
Ye take 5 damage, an' haf 14/32 hp.
Ye hit somethin'.
Somethin' hits ye.
* * * LOW HITPOINT WARNIN'
* * * Ye be electrocuted!
Ye die...

#.....#..# #.....# ##.#
......##.# #.....# ##..#
......##.####.....## #..##
..............#....# #.##
...........(..+...(# ####.#
#.#####.#.....##...# ##....###
........##.....'...# ##..~~...##
#.###########.##{..###..~~~~~..##
#..(..........##@†......~~~~~....
#######################.~~~~~.###
#.~~~~~.# #..~~~..# #......##
#.##...# #.##..## #.##.## #.##.#


There were no monsters in sight!

Vanquished Creatures
  An orc wizard (D:3)
  4 adders
  A worm (D:2)
  2 orcs (D:3)
  2 ball pythons (D:1)
  3 endoplasms
  2 goblins
  4 hobgoblins
  2 jackals (D:1)
  A quokka (D:2)
  3 bats (D:2)
  10 frilled lizards
  A kobold (D:3)
36 creatures vanquished.

Notes
Turn   | Place    | Note
-------+----------+-------------------------------------------
     0 | D:1      | ProzacElf the Demonspawn Wanderer began the quest for the
                  | Orb.
     0 | D:1      | ProzacElf set off with the following items: a +0 club, a +0
                  | ring mail, a scroll of fog, a wand of mindburst (17); and
                  | the following spells available to memorise: Poisonous
                  | Vapours, Static Discharge.
     0 | D:1      | Reached XP level 1. HP: 15/15 MP: 2/2
   175 | D:1      | Found a faded altar of an unknown god.
   634 | D:1      | Gained mutation: You have large cloven feet. [demonic
                  | ancestry]
   634 | D:1      | Reached XP level 2. HP: 21/21 MP: 3/3
   833 | D:1      | Found Oraitoug's Magic Scroll Shoppe.
   836 | D:1      | Bought a scroll of identify for 26 gold pieces
   836 | D:1      | Bought a scroll of noise for 13 gold pieces
   950 | D:2      | Reached skill level 1 in Stealth
   965 | D:2      | Reached skill level 1 in Maces & Flails
  1112 | D:2      | Reached XP level 3. HP: 26/26 MP: 4/4
  1931 | D:3      | Reached skill level 3 in Evocations
  1931 | D:3      | Reached XP level 4. HP: 28/32 MP: 5/5
  2002 | D:2      | Slain by an orc wizard

Illustrated notes

Levels and vault maps discovered:
D:1:      wander_arrival_estate, layout_basic, ebering_ecumenical_altar_box,
          serial_shops, nicolae_shop_rolled_up
D:2:      layout_basic, minmay_lizard_pond
D:3:      layout_rooms, minmay_misc_feat_hallway, minmay_misc_feat_iff

Skill      XL: |  1  2  3  4 |
---------------+-------------+-----
Stealth        | 1 2 |  2.2
Maces & Flails | 1 2 |  2.0
Evocations     | 3 |  3.1
Fighting       | |  1.0
Armour         | |  1.7
Dodging        | |  1.0
Spellcasting   | |  1.0
Air Magic      | |  1.7
Invocations    | |  1.2

Action                     |  1- 3 |  4- 6 || total
---------------------------+-------+-------++-------
  Melee: Whip              |    96 |    28 ||   124
         Club              |     6 |       ||     6
         Punch             |     1 |       ||     1
         Kick              |    19 |     6 ||    25
  Throw: Dart              |       |     1 ||     1
  Evoke: Wand              |     4 |       ||     4
    Use: Scroll            |     4 |       ||     4
 Armour: Ring mail         |    41 |     9 ||    50
  Dodge: Dodged            |    46 |     7 ||    53

Action                     |  1- 3 |  4- 6 || total
---------------------------+-------+-------++-------
  Melee: Whip              |    96 |    28 ||   124
         Club              |     6 |       ||     6
         Punch             |     1 |       ||     1
         Kick              |    19 |     6 ||    25
  Throw: Dart              |       |     1 ||     1
  Evoke: Wand              |     4 |       ||     4
    Use: Scroll            |     4 |       ||     4
 Armour: Ring mail         |    41 |     9 ||    50
  Dodge: Dodged            |    46 |     7 ||    53

Levels and vault maps discovered:
D:1:      wander_arrival_estate, layout_basic, ebering_ecumenical_altar_box,
          serial_shops, nicolae_shop_rolled_up
D:2:      layout_basic, minmay_lizard_pond
D:3:      layout_rooms, minmay_misc_feat_hallway, minmay_misc_feat_iff
